 Dungeon Crawl Stone Soup version 0.27.1-1-g398f81649c (webtiles) character file.

Game seed: 15715335122004316484

138 karkarkar the Chopper (level 5, 0/47 HPs)
             Began as a Hill Orc Fighter on Sept 18, 2021.
             Was an Initiate of Beogh.
             Slain by a jelly (1 damage)
             ... on level 3 of the Dungeon.
             The game lasted 00:09:55 (3708 turns).

karkarkar the Chopper (Hill Orc Fighter)            Turns: 3708, Time: 00:09:56

Health: 0/47       AC:  8    Str: 26    XL:     5   Next: 21%
Magic:  5/5        EV:  8    Int:  8    God:    Beogh [......]
Gold:   100        SH: 10    Dex: 10    Spells: 4/4 levels left

rFire    . . .     SeeInvis .   a - +0 war axe
rCold    . . .     Faith    .   c - +0 kite shield
rNeg     . . .     Spirit   .   b - +0 scale mail
rPois    .         Reflect  .   (no helmet)
rElec    .         Harm     .   (no cloak)
rCorr    .         Rampage  .   j - +0 pair of gloves
Will     .....                  (no boots)
Stlth    ..........             (no amulet)
HPRegen  0.15/turn              e - ring of flight
MPRegen  0.09/turn              k - +6 ring of strength

@: flying
A: no striking features
a: Renounce Religion


You were on level 3 of the Dungeon.
You worshipped Beogh.
Beogh was noncommittal.
You visited 1 branch of the dungeon, and saw 4 of its levels.

You collected 100 gold pieces.

Inventory:

Hand Weapons
 a - a +0 war axe (weapon)
Missiles
 i - 15 poisoned darts (quivered)
Armour
 b - a +0 scale mail (worn)
 c - a +0 kite shield (worn)
 j - a +0 pair of gloves (worn)
Jewellery
 e - a ring of flight (left hand)
 k - a +6 ring of strength (right hand)
Scrolls
 g - a scroll of identify
 h - a scroll of summoning
 l - 2 scrolls of teleportation
Potions
 d - a potion of might
 f - a potion of flight
 m - a potion of berserk rage {unknown}
 n - a potion of resistance {unknown}


   Skills:
 + Level 4.6 Fighting
 + Level 4.8 Axes
 + Level 0.2 Throwing
 - Level 3.2 Armour
 + Level 0.7 Dodging
 + Level 0.2 Stealth
 + Level 4.1 Shields


You had 4 spell levels left.
You didn't know any spells.
Your spell library contained the following spells:

 Spells                   Type           Power      Damage    Failure   Level
 Foxfire                  Conj/Fire      0%         2x1d4     99%         1
 Pain                     Necr           0%         1d4       99%         1
 Conjure Flame            Conj/Fire      0%         6-21      100%        3
 Inner Flame              Hex/Fire       0%         N/A       100%        3
 Agony                    Necr           0%         N/A       100%        5
 Excruciating Wounds      Necr           0%         N/A       100%        5


Dungeon Overview and Level Annotations

Branches:
Dungeon (4/15)
 Temple: D:4-7

Altars:

Shops:
D:2 *   D:3 =


Message History

There is an open door here.
There is an open door here.
There is an open door here.
You are no longer corroded.
There is an open door here.
There is an open door here.
There is an open door here.
There is an open door here.
There is an open door here.
There is an open door here.
There is an open door here.
There is an open door here.
The jelly barely misses you.
You hit the jelly.
Your hands burn!
The jelly is severely wounded.
You block the jelly's attack. x2
You hit the jelly.
Your hands burn!
* * * LOW HITPOINT WARNING * * *
The jelly is severely wounded.
The jelly hits you.
* * * LOW HITPOINT WARNING * * *
The acid corrodes you!
You are splashed with acid!
* * * LOW HITPOINT WARNING * * *
You block the jelly's attack.
There is an open door here.
You are no longer corroded.
Cleave: a) +0 war axe
Press: ? - help, Dir - move target, f - jelly
Aim: a jelly (heavily wounded, about 11% to evade your +0 war axe)
Okay, then.
Unknown command.
You block the jelly's attack. The jelly hits you.
* * * LOW HITPOINT WARNING * * *
You are splashed with acid!
* * * LOW HITPOINT WARNING * * *
There is a stone staircase leading down here.
You can't go up here!
The jelly hits you.
You die...

.##.#.#.# #....# #.##.......
....#.#.# #....# #.........#
..###.#.# #....# ############.#
......#.####....# #..........#.#
#######.#......## #.##..........
......#.#.####.# #.##.###...#.#
#####.#.#...##.# #.##.# #.###.#
......#.#.#.##.#####.##.# #.#....
##......#.......@..#.##.###.#.#.#
#.######..#.#.#J#..........#.#.#
#.######..........#.##.#####.#.#
#.........#.#.#.#[#....# #.#.#
########......(...###### #.#.#
#..#.#.#.#.# #.#.# #..........#
#.#.. #..#.#.#.#.# #.###
#..........# #....


You could see a jelly.

Vanquished Creatures
  A bullfrog skeleton (D:4)
  5 adders
  An orc (D:3)
  6 ball pythons
  7 bats
  10 endoplasms
  5 giant cockroaches
  6 goblins
  2 hobgoblins
  4 kobolds
  5 quokkas
  6 frilled lizards
  6 rats
64 creatures vanquished.

Notes
Turn   | Place    | Note
-------+----------+-------------------------------------------
     0 | D:1      | karkarkar the Hill Orc Fighter began the quest for the Orb.
     0 | D:1      | Reached XP level 1. HP: 19/19 MP: 1/1
   129 | D:1      | Reached XP level 2. HP: 23/27 MP: 2/2
   618 | D:1      | Reached XP level 3. HP: 33/33 MP: 3/3
  1232 | D:2      | Found Loxarra's General Store.
  1278 | D:2      | Found a faded altar of an unknown god.
  1566 | D:2      | Became a worshipper of Beogh the Brigand
  1901 | D:3      | Reached XP level 4. HP: 14/41 MP: 4/4
  2406 | D:3      | Found Wemawu's Jewellery Shop.
  3318 | D:4      | Reached XP level 5. HP: 33/47 MP: 5/5
  3650 | D:3      | HP: 2/47 [acid (9)]
  3706 | D:3      | HP: 1/47 [acid (8)]
  3708 | D:3      | Slain by a jelly

Illustrated notes

Levels and vault maps discovered:
D:1:      minmay_arrival_loop, layout_loops_corners
D:2:      layout_basic, shapermc_ecumenical_altar_ellora, serial_shops,
          shop_fountains
D:3:      layout_basic, serial_shops, nicolae_shop_window_shopping, st_stairs_2,
          hex_large
D:4:      layout_loops_ring, lemuel_flame_loot_1

Skill      XL: |  1  2  3  4 |
---------------+-------------+-----
Fighting       | 4 |  4.6
Axes           | 3 4 |  4.8
Shields        | 4 |  4.1
Throwing       | |  0.2
Armour         | |  3.2
Dodging        | |  0.7
Stealth        | |  0.2

Action                   |  1- 3 |  4- 6 || total
-------------------------+-------+-------++-------
Melee: War axe           |   113 |    59 ||   172
Throw: Dart              |     3 |       ||     3
Invok: Convert to Beogh  |     1 |       ||     1
  Use: Scroll            |     3 |     1 ||     4
       Potion            |     1 |       ||     1
Armor: Scale mail        |    61 |    33 ||    94
Dodge: Dodged            |    31 |    19 ||    50
Block: Kite shield       |    68 |    34 ||   102
